 Dungeon Crawl Stone Soup version 0.22-a0-455-ga0624bf (webtiles) character file.

4000 galech the Fighter (level 10, -3/163 HPs)
             Began as an Ogre Berserker on June 5, 2018.
             Was an Elder of Trog.
             Slain by a small abomination (14 damage)
             ... on level 1 of the Abyss.
             The game lasted 00:16:39 (8705 turns).

galech the Fighter (Ogre Berserker)                 Turns: 8705, Time: 00:16:40

Health: -3/163     AC:  6    Str: 31    XL:     10   Next: 23%
Magic:  10/10      EV: 14    Int:  8    God:    Trog [****..]
Gold:   376        SH:  0    Dex: 15    Spells: 9/9 levels left

rFire    . . .     SeeInvis .   r - +3 mace (crush)
rCold    + . .     Gourm    .   (no shield)
rNeg     . . .     Faith    .   C - +2 robe "Yqaillet" {rCorr Dex+7}
rPois    .         Spirit   .   (helmet restricted)
rElec    .         Reflect  .   a - +0 cloak
rCorr    +         Harm     .   (gloves unavailable)
MR       ++++.                  (boots unavailable)
Stlth    ..........             (no amulet)
HPRegen  1.37/turn              l - ring of protection from magic
MPRegen  0.12/turn              j - ring of protection from cold

@: berserking (expiring), regenerating, very quick
A: large, unfitting armour, tough skin 1
a: Berserk, Trog's Hand, Brothers in Arms, Renounce Religion


You were on level 1 of the Abyss.
You worshipped Trog.
Trog was greatly pleased with you.
You were near starving.

You visited 1 branch of the dungeon, and saw 8 of its levels.
You visited the Abyss 1 time.
You also visited: Sewer.

You collected 398 gold pieces.
You spent 22 gold pieces at shops.

Inventory:

Hand Weapons
 r - a +3 mace of crushing (weapon)
Armour
 a - a +0 cloak (worn)
 d - a +0 shield
 C - the +2 robe "Yqaillet" (worn) {rCorr Dex+7}
   (You found it on level 5 of the Dungeon)

   It affects your dexterity (+7).
   It protects you from acid and corrosion.
Jewellery
 j - a ring of protection from cold (right hand)
 l - a ring of protection from magic (left hand)
 w - an uncursed ring of protection from magic
 x - an uncursed ring of protection from cold
 E - an uncursed ring of resist corrosion
Wands
 i - a wand of clouds (3)
 u - a wand of enslavement (17)
 z - a wand of acid (9)
 B - a wand of disintegration (8)
 F - a wand of polymorph (18)
 I - a wand of flame (12)
Scrolls
 b - a scroll of random uselessness
 e - 3 scrolls of teleportation
 f - 3 scrolls of blinking
 h - 2 scrolls of enchant armour
 k - 2 scrolls of amnesia
 m - 4 scrolls of remove curse
 t - 3 scrolls of magic mapping
 v - a scroll of fog
 y - a scroll of vulnerability
 J - a scroll of torment {unknown}
Potions
 g - 8 potions of heal wounds {unknown}
 n - 4 potions of might {unknown}
 o - 2 potions of brilliance
 p - 2 potions of flight {unknown}
 q - 3 potions of agility {unknown}
 s - 3 potions of curing
 A - a potion of magic {unknown}
 D - a potion of haste
 G - 2 potions of lignification
 H - 3 potions of degeneration
Comestibles
 c - 12 rations


   Skills:
 + Level 9.7 Fighting
 + Level 9.5 Maces & Flails
 + Level 7.0 Dodging
 + Level 3.1 Stealth


You had 9 spell levels left.
You didn't know any spells.
Your spell library was empty.

Dungeon Overview and Level Annotations

Branches:
Dungeon (8/15)             Temple (0/1) D:5            Lair (0/6) D:8

Altars:
Cheibriados
Gozag
Makhleb
Ru
Sif Muna
Trog
Xom
Zin
The Shining One

Shops:
D:7 *

Annotations:
D:8 Psyche


Innate Abilities, Weirdness & Mutations

You are too large for most types of armour.
You have tough skin. (AC +1)


Message History

The thrashing horror closely misses you.
The thrashing horror tramples you but does no damage.
The small abomination barely misses you.
You closely miss the rakshasa.
The rakshasa is moderately wounded.
The thrashing horror barely misses you. The thrashing horror tramples you.
* * * LOW HITPOINT WARNING * * *
You hold your ground!
The rakshasa hits you with an enchanted long sword.
* * * LOW HITPOINT WARNING * * *
You bludgeon the rakshasa!!
The rakshasa is severely wounded.
The injured rakshasa weaves a defensive illusion!
The thrashing horror closely misses you.
The thrashing horror barely misses you. The small abomination hits you!
* * * LOW HITPOINT WARNING * * *
You hit the rakshasa.
The rakshasa is severely wounded.
The small abomination hits you!
You die...

#.. .##..#.
#..#..#...#..#
###.# .....#
≈≈§#.#...#.......
≈ .....###...#..
# ≈ .... ..#..###
.
......#.#..##....
. #.X5#xR..# #
.#@R# ## # 3####
#≈≈.##. #≈≈#.. #
# ≈≈.#.# .≈≈ ###
# . . 3#


You could see 2 rakshasas, a thrashing horror, a small abomination and a white
imp.

Vanquished Creatures
  A sixfirhy (Abyss:1)
  Pikel (D:4)
  A rust devil (Abyss:1)
  Grinder (D:4)
  3 orc warriors
  A black bear (D:8)
  2 phantoms
  2 ogres
  2 centaurs
  3 big kobolds (Sewer)
  Blork the orc (D:4)
  2 bullfrogs
  A scorpion (D:5)
  5 wights (D:7)
  A howler monkey (D:7)
  A centaur zombie (D:5)
  2 bullfrog skeletons
  3 orc priests
  2 jellies
  5 orc wizards
  Crazy Yiuf (D:3)
  Terence (D:3)
  4 worker ants
  Natasha (thrice) (D:2)
  A worker ant zombie (D:6)
  A howler monkey skeleton (D:4)
  7 gnolls (D:4)
  9 adders
  2 adder skeletons
  2 worms (D:3)
  A dart slug (D:1)
  7 leopard geckos
  8 orcs
  11 giant cockroaches
  11 goblins
  8 hobgoblins
  10 jackals
  2 quokkas
  3 ball pythons
  9 bats
  4 frilled lizards
  14 kobolds
  10 rats
169 creatures vanquished.

Notes
Turn   | Place    | Note
-------+----------+-------------------------------------------
     0 | D:1      | galech the Ogre Berserker began the quest for the Orb.
     0 | D:1      | Reached XP level 1. HP: 24/24 MP: 1/1
    69 | D:1      | Reached XP level 2. HP: 32/32 MP: 2/2
   107 | D:1      | Found a glowing golden altar of the Shining One.
   786 | D:2      | Reached XP level 3. HP: 39/40 MP: 3/3
   819 | D:2      | Found a burning altar of Makhleb.
   830 | D:2      | Found a snail-covered altar of Cheibriados.
  1050 | D:2      | Found a glowing golden altar of the Shining One.
  1219 | D:2      | Noticed Natasha
  1237 | D:2      | Killed Natasha
  1237 | D:2      | Reached XP level 4. HP: 5/49 MP: 4/4
  1846 | D:2      | Noticed Natasha
  1855 | D:2      | Killed Natasha
  1855 | D:2      | Reached skill level 5 in Fighting
  2986 | D:2      | Noticed Natasha
  2992 | D:2      | Killed Natasha
  2992 | D:2      | Reached XP level 5. HP: 57/57 MP: 5/5
  3121 | D:3      | Reached ** piety under Trog
  3125 | D:3      | HP: 2/57 [poisoned by an adder]
  3464 | D:3      | Found a glowing drain.
  3468 | Sewer    | Entered a sewer
  3660 | Sewer    | Noticed a big kobold
  3660 | Sewer    | Noticed a big kobold
  3672 | Sewer    | Killed a big kobold
  3672 | Sewer    | Reached skill level 1 in Stealth
  3672 | Sewer    | Reached XP level 6. HP: 66/66 MP: 6/6
  4148 | D:3      | Found a runed door.
  4155 | D:3      | Noticed Crazy Yiuf
  4162 | D:3      | Killed Crazy Yiuf
  4162 | D:3      | Reached skill level 5 in Maces & Flails
  4365 | D:3      | Reached *** piety under Trog
  4370 | D:3      | Reached XP level 7. HP: 52/75 MP: 7/7
  4904 | D:3      | Noticed Terence
  4911 | D:3      | Killed Terence
  5347 | D:4      | Noticed Blork the orc
  5360 | D:4      | Killed Blork the orc
  5392 | D:4      | Noticed Pikel
  5402 | D:4      | Killed Pikel
  5402 | D:4      | Reached XP level 8. HP: 73/87 MP: 8/8
  5801 | D:4      | Noticed Grinder
  5821 | D:4      | Killed Grinder
  5821 | D:4      | Reached skill level 5 in Dodging
  6024 | D:5      | Entered Level 5 of the Dungeon
  6038 | D:5      | Found a staircase to the Ecumenical Temple.
  6390 | D:5      | Got a faintly glowing robe
  6401 | D:5      | Identified the +2 robe "Yqaillet" {rCorr Dex+7} (You found it on level 5 of the Dungeon)
  6506 | D:5      | Reached XP level 9. HP: 82/96 MP: 9/9
  6647 | D:6      | Reached **** piety under Trog
  6921 | D:6      | Found a sacrificial altar of Ru.
  7007 | D:6      | Found a shimmering altar of Xom.
  7009 | D:6      | Found an opulent altar of Gozag.
  7184 | D:6      | Found a glowing silver altar of Zin.
  7187 | D:6      | Found a deep blue altar of Sif Muna.
  7330 | D:7      | Found a bloodstained altar of Trog.
  7345 | D:7      | Found Xughiqij's General Store.
  7363 | D:7      | Bought a scroll of identify for 22 gold pieces
  8187 | D:8      | Found a staircase to the Lair.
  8256 | D:8      | Noticed Psyche
  8318 | D:8      | Cast into level 1 of the Abyss (Psyche)
  8329 | Abyss:1  | Noticed a rust devil
  8368 | Abyss:1  | Killed a rust devil
  8368 | Abyss:1  | Reached XP level 10. HP: 25/107 MP: 10/10
  8377 | Abyss:1  | Noticed a rakshasa
  8613 | Abyss:1  | Found a corrupted altar of Lugonu.
  8624 | Abyss:1  | Noticed a wretched star
  8625 | Abyss:1  | Noticed a green draconian knight
  8667 | Abyss:1  | Noticed a thrashing horror
  8683 | Abyss:1  | Noticed a sixfirhy
  8693 | Abyss:1  | Killed a sixfirhy
  8705 | Abyss:1  | Slain by a small abomination

Vault maps used:
D:1:      dpeg_arrival_chambers_temple_mockup, tso_metal_star
D:2:      lemuel_crystal_altar, amethyst_overflow_temple_binary, uniq_natasha
D:3:      gup_sewer_entry_spiral, uniq_terence, uniq_crazy_yiuf_cottage
D:4:      first_ration, uniq_grinder, uniq_blork_the_orc, uniq_pikel
D:5:      temple_pool_b
D:6:      nicolae_overflow_hidden_temple
D:7:      bloody_trog, serial_shops, shop
D:8:      nicolae_whirlpool, old_standard_altar, minitemple, dpeg_oklobed_lair,
          serial_shops, shop, uniq_psyche
Sewer:    kennysheep_pipe_town

Skill      XL: |  1  2  3  4  5  6  7  8  9 10 |
---------------+-------------------------------+-----
Maces & Flails | 3 4 5 6 7 9 |  9.5
Dodging        | 3 4 5 6 7 |  7.0
Fighting       | 5 6 7 8 9 |  9.7
Stealth        | 1 2 3 |  3.1

Action                   |  1- 3 |  4- 6 |  7- 9 | 10-12 || total
-------------------------+-------+-------+-------+-------++-------
Melee: Mace              |   111 |   198 |   330 |    16 ||   655
Invok: Berserk           |     1 |     6 |     6 |     1 ||    14
       Trog's Hand       |       |     2 |     4 |     1 ||     7
  Use: Potion            |       |     3 |       |       ||     3
       Scroll            |       |       |    15 |       ||    15
 Stab: Sleeping          |       |     1 |     2 |       ||     3
       Distracted        |       |       |     1 |       ||     1
  Eat: Chunk             |     1 |    14 |    20 |     1 ||    36
       Ration            |       |     1 |       |       ||     1
Armor: Animal skin       |    36 |    74 |    25 |       ||   135
       Robe              |       |       |    40 |     6 ||    46
Dodge: Dodged            |    81 |   160 |   198 |    19 ||   458

Table legend:
 A = Spawn XP
 B = Non-spawn XP
 C = Spawn XP percentage of total XP
 D = Spawn monster count
 E = Non-spawn monster count
 F = Spawn count percentage of total count
 G = Total turns spent on level
                    A         B        C        D         E        F      G
               +---------+---------+-------+---------+---------+-------+---------
         Total |     448 |    5267 |   7.8 |       1 |     168 |   0.6 |  8705
               +---------+---------+-------+---------+---------+-------+---------
           D:1 |       0 |      26 |   0.0 |       0 |      16 |   0.0 |   652
           D:2 |       0 |     151 |   0.0 |       0 |      17 |   0.0 |  2409
           D:3 |       0 |     190 |   0.0 |       0 |      33 |   0.0 |  1410
           D:4 |       0 |    1259 |   0.0 |       0 |      21 |   0.0 |   997
           D:5 |       0 |     464 |   0.0 |       0 |      14 |   0.0 |   598
           D:6 |       0 |     575 |   0.0 |       0 |      13 |   0.0 |   726
           D:7 |       0 |     646 |   0.0 |       0 |      13 |   0.0 |   607
           D:8 |       0 |     846 |   0.0 |       0 |      16 |   0.0 |   361
       Abyss:1 |     448 |     784 |  36.4 |       1 |       1 |  50.0 |   387
         Sewer |       0 |     326 |   0.0 |       0 |      24 |   0.0 |   558
               +---------+---------+-------+---------+---------+-------+---------
